 Dungeon Crawl Stone Soup version 0.30-a0-629-gd54f4be4f7 (webtiles) character file.

Game seed: 17699640123925542408

0 retardedninja the Shield-Bearer (level 1, 19/19 HPs)
             Began as a Minotaur Fighter on Jan 12, 2023.
             Quit the game on level 1 of the Dungeon.
             The game lasted 00:00:18 (138 turns).

retardedninja the Shield-Bearer (Minotaur Fighter)   Turns: 138, Time: 00:00:19

Health: 19/19      AC:  6    Str: 20    XL:     1   Next: 8%
Magic:  0/0        EV:  9    Int:  5    God:
Gold:   10         SH:  4    Dex:  9    Spells: 0/0 levels left

rFire   . . .      SeeInvis .    a - +0 war axe
rCold   . . .      Faith    .    c - +0 buckler
rNeg    . . .      Spirit   .    b - +0 scale mail
rPois   .          Reflect  .    (helmet restricted)
rElec   .          Harm     .    (no cloak)
rCorr   .          Rampage  .    (no gloves)
Will    .....                    (no boots) Stlth
                                 (no amulet)
HPRegen 0.23/turn                (no ring)
MPRegen 0.07/turn                (no ring)

@: no status effects
A: horns 2, retaliatory headbutt
a: no special abilities


You were on level 1 of the Dungeon.
You visited 1 branch of the dungeon, and saw 1 of its levels.

You collected 10 gold pieces.

Inventory:

Hand Weapons
 a - a +0 war axe (weapon)
Armour
 b - a +0 scale mail (worn)
 c - a +0 buckler (worn)
Potions
 d - a potion of might
 e - a potion of heal wounds {unknown}


   Skills:
 + Level 3.6 Fighting
 + Level 2.4 Axes
 + Level 3.6 Armour
 + Level 3.6 Shields


You couldn't memorise any spells.
You didn't know any spells.
Your spell library was empty.

Dungeon Overview and Level Annotations

Branches:
Dungeon (1/15)

Altars:


Innate Abilities, Weirdness & Mutations

You have a pair of horns on your head.
You reflexively headbutt those who attack you in melee.


Message History

Welcome, retardedninja the Minotaur Fighter.
You feel drawn to the Orb of Zot, downwards into the unfathomable depths...
Press ? for a list of commands and other information.
Found a staircase leading out of the dungeon.
Key pressed, stopping explore.
Key pressed, stopping explore.
No target in view!
Key pressed, stopping explore.
No target in view!
e - a silvery potion Key pressed, stopping explore.
No target in view!
Found a stone staircase leading down.
No target in view!
Found a ring mail.
Found 4 stones.
No target in view!
Found a hand axe.
You now have 10 gold pieces.
Key pressed, stopping explore.
No target in view!
A kobold comes into view. It is wielding a +0 dagger.
A kobold is nearby!
A kobold is nearby!
A kobold is nearby!
You block the kobold's attack.
You closely miss the kobold. The kobold closely misses you.
A kobold is nearby!
You barely miss the kobold. You headbutt the kobold.
You kill the kobold!
No target in view!
Things that are here:
a +0 dagger; a kobold corpse You see here a +0 hand axe.
You see here 4 stones.
A giant cockroach comes into view.
Are you sure you want to abandon this character and quit the game? (Confirm with "yes".)
Okay, then.
Are you sure you want to abandon this character and quit the game? (Confirm with "yes".)

#........#(###.# ....
###.#..........#.#
.B..
..#.#.#...[#.#.#.#
#...#.##...........#.#
##..#..............#.#
#......####.#......#.#
#.....# #........#.#
##....####......#.#.#
#....@..........###.#
##......##..>...# #.#
##.#....#......###.#
####.#.#..........#
#####.#....#####
.#........#
#..........##
...........#######
..................


You could see a giant cockroach.

Vanquished Creatures
  A kobold (D:1)
1 creature vanquished.

Notes
Turn   | Place    | Note
-------+----------+-------------------------------------------
     0 | D:1      | retardedninja the Minotaur Fighter began the quest for the
                  | Orb.
     0 | D:1      | Reached XP level 1. HP: 19/19 MP: 0/0
   138 | D:1      | Quit the game

Illustrated notes

Levels and vault maps discovered:
D:1:      tarquinn_simple_flora_water_a, layout_basic,
          nicolae_figureground_sparkle

Action                   || total
-------------------------++-------
Melee: War axe           ||     2
       Headbutt          ||     1
Dodge: Dodged            ||     1
Block: Buckler           ||     1

Table legend: (Time is in decaauts)
 A = Elapsed time spent in this place.
 B = Non-inter-level travel time spent in this place.
 C = Inter-level travel time spent in this place.
 D = Time resting spent in this place.
 E = Time spent auto-exploring this place.
 F = Levels seen in this place.
 G = Mean time per level.
                   A        B        C        D        E       F      G
               +--------+--------+--------+--------+--------+-----+--------+
         Total |    139 |    139 |      0 |      0 |    126 |   1 |  139.0 |
       Dungeon |    139 |    139 |      0 |      0 |    126 |   1 |  139.0 |
               +--------+--------+--------+--------+--------+-----+--------+

Top non-repeatable levels by time:
     D:1: 139 daAuts
